 Dungeon Crawl Stone Soup version 0.30-a0-924-g0ad0bf95bc (webtiles) character file.

Game seed: 9935968573281616665

1190 cforsyth the Covered (level 8, -5/58 HPs)
             Began as a Human Fighter on Mar 22, 2023.
             Slain by Prince Ribbit (10 damage)
             ... on level 6 of the Dungeon.
             The game lasted 00:09:45 (6108 turns).

cforsyth the Covered (Human Fighter)                Turns: 6108, Time: 00:09:46

Health: -5/58      AC: 13    Str: 19    XL:     8   Next: 71%
Magic:  8/8        EV:  7    Int:  8    God:
Gold:   318        SH:  4    Dex: 11    Spells: 7/7 levels left

rFire   + . .      SeeInvis .    a - +0 flail
rCold   . . .      Faith    .    c - +0 buckler
rNeg    . . .      Spirit   .    r - +3 chain mail {rPois}
rPois   +          Reflect  .    (no helmet)
rElec   .          Rampage  .    (no cloak)
rCorr   .                        (no gloves)
Will    .....                    (no boots) Stlth
                                 h - amulet of the acrobat
HPRegen 0.00/turn                (no ring)
MPRegen 0.11/turn                (no ring)

@: inhibited regen
A: clumsy 1, fire resistance 1, inhibited regeneration
a: no special abilities


You were on level 6 of the Dungeon.
You visited 1 branch of the dungeon, and saw 6 of its levels.

You collected 318 gold pieces.

Inventory:

Hand Weapons
 a - a +0 flail (weapon)
Armour
 b - a +0 scale mail
 c - a +0 buckler (worn)
 g - a +0 chain mail
 k - a +0 crystal plate armour
 r - a +3 chain mail of poison resistance (worn)
Jewellery
 h - an amulet of the acrobat (around neck)
 i - a ring of fire
 t - a +5 ring of evasion
Wands
 p - a wand of flame (17)
 w - a wand of polymorph (16)
 A - a wand of mindburst (16)
Scrolls
 e - a scroll of vulnerability {unknown}
 f - 3 scrolls of fog
 j - a scroll of teleportation
 o - a scroll of brand weapon {unknown}
 y - a scroll of torment
 B - a scroll of poison
Potions
 d - a potion of might
 m - 2 potions of brilliance
 q - a potion of lignification
 v - 4 potions of ambrosia


   Skills:
 - Level 3.5 Fighting
 + Level 6.9 Maces & Flails
 + Level 7.3 Armour
 - Level 3.5 Shields


You had 7 spell levels left.
You didn't know any spells.
Your spell library contained the following spells:

 Spells                   Type           Power      Damage    Failure   Level
 Lesser Beckoning         Tloc           0%         N/A       100%        2
 Static Discharge         Conj/Air       0%         2-2/arc   100%        2
 Sublimation of Blood     Necr           0%         N/A       100%        2
 Wereblood                Tmut           0%         N/A       100%        2
 Gell's Gravitas          Tloc           0%         N/A       100%        3
 Teleport Other           Tloc           0%         N/A       100%        3
 Vhi's Electric Charge    Tloc/Air       0%         N/A       100%        3
 Anguish                  Hex/Necr       0%         N/A       100%        4
 Arcjolt                  Conj/Air       0%         1d10      100%        5
 Plasma Beam              Fire/Air       0%         2x1d11    100%        5
 Enfeeble                 Hex            0%         N/A       100%        7
 Summon Hydra             Summ           0%         N/A       100%        7


Dungeon Overview and Level Annotations

Branches:
Dungeon (6/15)
 Temple: D:4-7

Altars:
Kikubaaqudgha
Ru
Trog

Shops:
D:1 =   D:6 *

Annotations:
D:6 Prince Ribbit


Innate Abilities, Weirdness & Mutations

You are clumsy. (Dex -2)
Your flesh is heat resistant. (rF+)
You do not regenerate when monsters are visible.


Message History

Prince Ribbit lets out a mournful croak.
Prince Ribbit closely misses you.
You miss Prince Ribbit.
Prince Ribbit is moderately wounded.
Prince Ribbit barely misses you. Prince Ribbit hits you!
You are too injured to fight recklessly!
You are too injured to fight recklessly!
You are too injured to fight recklessly!
You are too injured to fight recklessly!
You are too injured to fight recklessly!
You are too injured to fight recklessly!
You are too injured to fight recklessly!
You are too injured to fight recklessly!
You are too injured to fight recklessly!
You are too injured to fight recklessly!
You are too injured to fight recklessly!
You are too injured to fight recklessly!
You are too injured to fight recklessly!
You miss Prince Ribbit.
Prince Ribbit is moderately wounded.
Prince Ribbit hits you.
* * * LOW HITPOINT WARNING * * *
You sock Prince Ribbit!
Prince Ribbit is heavily wounded.
Prince Ribbit barely misses you. Prince Ribbit misses you.
You miss Prince Ribbit.
Prince Ribbit is heavily wounded.
Prince Ribbit completely misses you.
You miss Prince Ribbit.
Prince Ribbit is heavily wounded.
Prince Ribbit blinks!
Prince Ribbit completely misses you.
You sock Prince Ribbit!
Prince Ribbit is severely wounded.
Prince Ribbit hits you!
* * * LOW HITPOINT WARNING * * *
You hit Prince Ribbit.
Prince Ribbit is severely wounded.
Prince Ribbit hits you!
You die...

.### #..####... #
.....## ##..#..... ..
.......## ###....### .##
........## ###....###
..#
.........####......##
..#.
..........#....###..#
....
.........>...###....###
...
...........##.........#
.#
.......@F..##.........#
#
######................##
# #..##.....##'##...# #
## #..####...#...#...#
## ###.# ##.#
#...#...#...# .###....#
###.# #...#...#...#
.#.......# #...#
##..#####...#
..........## #'#..#
#...........
......(....# #.##..#
#...........


You could see Prince Ribbit.

Vanquished Creatures
  2 sky beasts
  An ogre (D:4)
  Blork the orc (D:6)
  A scorpion (D:4)
  2 howler monkeys
  A hound (D:5)
  2 jellies
  An orc priest (D:3)
  A gnoll bouda (D:6)
  Jessica (D:2)
  3 iguanas
  A sleepcap (D:5)
  Natasha (thrice) (D:2)
  Terence (D:3)
  5 orc wizards
  3 gnolls (D:6)
  4 adders
  2 white imps (D:5)
  2 ufetubi
  3 worms
  5 dart slugs
  21 orcs
  8 ball pythons
  3 bats
  9 endoplasms
  6 giant cockroaches
  6 goblins
  4 hobgoblins
  15 jackals
  5 kobolds
  5 quokkas
  3 frilled lizards
  3 rats (D:1)
133 creatures vanquished.

Vanquished Creatures (others)
  4 plants (D:3)
4 creatures vanquished.

Grand Total: 137 creatures vanquished

Notes
Turn   | Place    | Note
-------+----------+-------------------------------------------
     0 | D:1      | cforsyth the Human Fighter began the quest for the Orb.
     0 | D:1      | Reached XP level 1. HP: 18/18 MP: 1/1
   132 | D:1      | Reached XP level 2. HP: 24/24 MP: 2/2
   364 | D:1      | Reached XP level 3. HP: 29/29 MP: 3/3
   424 | D:1      | Found Losha's Jewellery Shoppe.
   966 | D:1      | HP: 1/29 [quokka (3)]
  1139 | D:2      | Reached XP level 4. HP: 35/35 MP: 4/4
  1406 | D:2      | Noticed Jessica
  1417 | D:2      | Killed Jessica
  1418 | D:2      | Reached XP level 5. HP: 37/41 MP: 5/5
  1438 | D:2      | Identified the +0 spear of a volcano {flame, rF+ rC- Int+4
                  | Dex+2}
  1458 | D:2      | Reached skill level 4 in Armour
  1538 | D:2      | Noticed Natasha
  1545 | D:2      | Killed Natasha
  1750 | D:2      | Noticed Natasha
  1759 | D:2      | Killed Natasha
  1988 | D:2      | Noticed Natasha
  1993 | D:2      | Killed Natasha
  1994 | D:2      | Reached XP level 6. HP: 42/47 MP: 6/6
  2070 | D:3      | Noticed Terence
  2082 | D:3      | Killed Terence
  2143 | D:3      | Found a sacrificial altar of Ru.
  2270 | D:3      | Found a bloodstained altar of Trog.
  3090 | D:4      | Reached skill level 5 in Armour
  3200 | D:4      | Reached XP level 7. HP: 48/52 MP: 7/7
  3342 | D:4      | Reached skill level 5 in Maces & Flails
  3781 | D:4      | Reached skill level 6 in Armour
  4078 | D:5      | Entered Level 5 of the Dungeon
  4165 | D:5      | Reached XP level 8. HP: 52/58 MP: 8/8
  4974 | D:6      | Noticed Blork the orc
  5504 | D:6      | Noticed Prince Ribbit
  5522 | D:6      | Killed Blork the orc
  5523 | D:6      | Reached skill level 7 in Armour
  5527 | D:6      | Gained mutation: You are clumsy. (Dex -2) [potion of
                  | mutation]
  5527 | D:6      | Gained mutation: You do not regenerate when monsters are
                  | visible. [potion of mutation]
  5527 | D:6      | Gained mutation: Your flesh is heat resistant. (rF+)
                  | [potion of mutation]
  5560 | D:6      | HP: 1/58 [Prince Ribbit (12)]
  5721 | D:6      | Found an ancient bone altar of Kikubaaqudgha.
  5859 | D:6      | Found Keshrum's General Store.
  6108 | D:6      | Slain by Prince Ribbit

Illustrated notes

Levels and vault maps discovered:
D:1:      lemuel_arrival_tunnels, layout_basic, serial_shops,
          nicolae_shop_advertising_works [nicolae_subvault_shop_adworks]
D:2:      layout_rooms, chequers_avenue, nicolae_elevator_lobby_asterisk,
          uniq_natasha, uniq_jessica
D:3:      cheibrodos_old_hovel, layout_basic, hangedman_ru_absence, bloody_trog,
          chequers_serial_rivers_large_b, uniq_terence
D:4:      layout_loops_ring
D:5:      nicolae_cairo_tiling_large, layout_gridville, nicolae_titane
D:6:      layout_cave_pods, mainiacjoe_overflow_catwalk,
          gammafunk_temple_overflow_forgotten, kennysheep_mini,
          minmay_temple_entry_wispy, serial_column_ruins,
          column_ruins_circle_medium, column_ruins_hut,
          column_ruins_corridor_straight, column_ruins_grid_4,
          column_ruins_open_small, column_ruins_open_medium,
          column_ruins_open_medium_water, serial_shops,
          nicolae_shop_hallway_plus, minmay_hedge_maze, uniq_prince_ribbit1,
          uniq_blork_the_orc

Skill      XL: |  1  2  3  4  5  6  7  8 |
---------------+-------------------------+-----
Maces & Flails | 3 4 5 6 |  6.9
Armour         | 4 5 6 7 |  7.3
Fighting       | |  3.5
Shields        | |  3.5

Action                     |  1- 3 |  4- 6 |  7- 9 || total
---------------------------+-------+-------+-------++-------
  Melee: Flail             |   131 |   164 |   274 ||   569
    Use: Potion            |       |       |     8 ||     8
         Scroll            |       |       |     7 ||     7
   Stab: Invisible         |       |       |     1 ||     1
 Armour: Scale mail        |    76 |       |       ||    76
         Chain mail        |    28 |    55 |   136 ||   219
         Crystal plate arm |       |    55 |       ||    55
         Skin              |       |       |    16 ||    16
  Dodge: Dodged            |   110 |    48 |    83 ||   241
  Block: Buckler           |    41 |    33 |    55 ||   129

Table legend: (Time is in decaauts)
 A = Elapsed time spent in this place.
 B = Non-inter-level travel time spent in this place.
 C = Inter-level travel time spent in this place.
 D = Time resting spent in this place.
 E = Time spent auto-exploring this place.
 F = Levels seen in this place.
 G = Mean time per level.
                   A        B        C        D        E       F      G
               +--------+--------+--------+--------+--------+-----+--------+
         Total |   6270 |   6092 |    178 |    839 |   3899 |   6 | 1045.0 |
       Dungeon |   6270 |   6092 |    178 |    839 |   3899 |   6 | 1045.0 |
               +--------+--------+--------+--------+--------+-----+--------+

Top non-repeatable levels by time:
     D:5: 1204 daAuts
     D:2: 1160 daAuts
     D:1: 1117 daAuts
     D:4: 1061 daAuts
     D:3: 879 daAuts
     D:6: 847 daAuts
